 Dungeon Crawl Stone Soup version 0.29-a0-1016-g236c7fd91e (webtiles) character file.

Game seed: 3741368206232736630

0 Manisian the Trooper (level 1, -1/22 HPs)
             Began as a Troll Abyssal Knight on Aug 9, 2022.
             Was a Believer of Lugonu.
             Slain by a tentacled starspawn (20 damage)
             ... on level 1 of the Abyss.
             The game lasted 00:00:41 (56 turns).

Manisian the Trooper (Troll Abyssal Knight)           Turns: 56, Time: 00:00:41

Health: -1/22      AC:  4    Str: 20    XL:     1   Next: 0%
Magic:  0/0        EV:  7    Int:  6    God:    Lugonu [**....]
Gold:   0          SH:  0    Dex: 10    Spells: 0/0 levels left

rFire   . . .      SeeInvis .     - Unarmed
rCold   . . .      Faith    .   (no shield)
rNeg    . . .      Spirit   .   a - +0 robe
rPois   .          Reflect  .   (helmet restricted)
rElec   .          Harm     .   (no cloak)
rCorr   .          Rampage  .   (gloves unavailable)
Will    .....                   (boots unavailable)
Stlth   +.........              (no amulet)
HPRegen 0.87/turn               (no ring)
MPRegen 0.07/turn               (no ring)

@: constricted
A: large, unfitting armour, claws 3, regeneration 1, shaggy fur 1, tough skin 1,
[low MP 2]
a: Renounce Religion, Depart the Abyss, Bend Space


You were on level 1 of the Abyss.
You worshipped Lugonu.
Lugonu was pleased with you.
You visited 0 branches of the dungeon, and saw 0 of its levels.
You visited the Abyss 1 time.

Inventory:

Armour
 a - a +0 robe (worn)


   Skills:
 + Level 2.4 Fighting
 + Level 1.9 Dodging
 + Level 2.0 Unarmed Combat
 + Level 1.5 Invocations


You couldn't memorise any spells.
You didn't know any spells.
Your spell library was empty.

Dungeon Overview and Level Annotations

Branches:
Dungeon (0/15)

Altars:


Innate Abilities, Weirdness & Mutations

You are too large for most types of armour.
You have claws for hands.
Your natural rate of healing is unusually fast.
You are covered in fur. (AC +1)
You have tough skin. (AC +1)
[Your magical capacity is very low. (-20% MP)]


Message History

Found a gateway leading out of the Abyss.
A tentacled starspawn comes into view.
Tentacles burst from the starspawn's body! 2 starspawn tentacles come into view.
Press: ? - help, v - describe, . - travel
Here: a tentacled starspawn The floor.
The starspawn tentacle closely misses you.
You scratch the starspawn tentacle but do no damage.
The starspawn tentacle grabs you. The starspawn tentacle constricts you.
You scratch the starspawn tentacle.
The starspawn tentacle is lightly damaged.
The starspawn tentacle loses its grip on you.
The tentacle pulls you backwards!
A wretched star comes into view.
A tentacle flies out from the starspawn's body!
A starspawn tentacle comes into view.
You scratch the wretched star.
The wretched star is lightly damaged.
The wretched star pulses with an eldritch light!
You feel less energetic. x2
Unknown command.
You scratch the wretched star.
The wretched star is lightly damaged.
The starspawn tentacle barely misses you.
You closely miss the wretched star.
The wretched star is lightly damaged.
The starspawn tentacle grabs you. The starspawn tentacle constricts you.
Unknown command.
You scratch the wretched star.
The wretched star is lightly damaged.
A tentacle flies out from the starspawn's body!
The starspawn tentacle constricts you.
A starspawn tentacle comes into view.
You scratch the wretched star.
The wretched star is lightly damaged.
The tentacled starspawn closely misses you.
The tentacled starspawn tentacle-slaps you!!
Ouch! That really hurt!
You die...

## #. .# #..
## #
.##..##.#
##..##.#.#..#
.......##..#.
#...## #.w##
#wX# ##@#
#.*# ##..
.##. # .# .
.# .


You could see a tentacled starspawn, a wretched star and 2 starspawn tentacles.

Vanquished Creatures (others)
  2 starspawn tentacles (Abyss:1)
2 creatures vanquished.

Notes
Turn   | Place    | Note
-------+----------+-------------------------------------------
     0 | Abyss:1  | Manisian the Troll Abyssal Knight began the quest for the
                  | Orb.
     0 | Abyss:1  | Reached XP level 1. HP: 22/22 MP: 1/1
    43 | Abyss:1  | Noticed a tentacled starspawn
    50 | Abyss:1  | Noticed a wretched star
    56 | Abyss:1  | Slain by a tentacled starspawn

Illustrated notes

Levels and vault maps discovered:
Abyss:1:  base: Temple, base:
Temple

Action                   || total
-------------------------++-------
Melee: Unarmed           ||     7
Dodge: Dodged            ||     3

Table legend: (Time is in decaauts)
 A = Elapsed time spent in this place.
 B = Non-inter-level travel time spent in this place.
 C = Inter-level travel time spent in this place.
 D = Time resting spent in this place.
 E = Time spent auto-exploring this place.
 F = Levels seen in this place.
 G = Mean time per level.
                   A        B        C        D        E       F      G
               +--------+--------+--------+--------+--------+-----+--------+
         Total |     55 |     55 |      0 |      0 |      0 |   1 |   55.0 |
         Abyss |     55 |     55 |      0 |      0 |      0 |   1 |   55.0 |
               +--------+--------+--------+--------+--------+-----+--------+

Top non-repeatable levels by time:
 Abyss:1: 55 daAuts
